 Dungeon Crawl Stone Soup version 0.31.0-32-g396128a36d (webtiles) character file.

Game seed: 10112433897804528877

22 PaiMei the Grave Robber (level 2, -3/20 HPs)
             Began as a Demonspawn Necromancer on Apr 24, 2024.
             Slain by Terence
             ... wielding a +0 hand axe
              (5 damage)
             ... on level 2 of the Dungeon.
             The game lasted 00:01:23 (1260 turns).

PaiMei the Grave Robber (Demonspawn Necromancer)    Turns: 1260, Time: 00:01:24

Health: -3/20      AC:  2    Str:  8    XL:     2   Next: 68%
Magic:  0/5        EV: 12    Int: 15    God:
Gold:   35         SH:  4    Dex: 13    Spells: 4/5 levels left

rFire   . . .        g - +0 dagger
rCold   . . .        (no shield)
rNeg    . . .        a - +0 robe
rPois   .            (no helmet)
rElec   .            (no cloak)
rCorr   .            (no gloves)
SInv    .            (no boots)
Will    .....        (no amulet)
Stlth   ++           (no ring)
HPRegen 0.23/turn    (no ring)
MPRegen 0.09/turn

%: no passive effects
@: no status effects
A: condensation shield
a: no special abilities


You were on level 2 of the Dungeon.
You visited 1 branch of the dungeon, and saw 2 of its levels.

You collected 35 gold pieces.

Inventory:

Hand Weapons
 g - a +0 dagger (weapon)
Armour
 a - a +0 robe (worn)
Scrolls
 d - 3 scrolls of fog {unknown}
 f - a scroll of vulnerability {unknown}
 h - a scroll of noise {unknown}
Potions
 b - a potion of magic
 c - a potion of curing {unknown}
 e - a potion of degeneration {unknown}


   Skills:
 + Level 0.5 Fighting
 + Level 2.1 Dodging
 - Level 2.0 Stealth
 + Level 2.2 Spellcasting
 + Level 4.6 Necromancy


You had 4 spell levels left.
You knew the following spells:

 Your Spells              Type           Power      Damage    Failure   Level
a - Necrotise             Necr           60%        1d7       3%          1

Your spell library contained the following spells:

 Spells                   Type           Power      Damage    Failure   Level
 Vampiric Draining        Necr           15%        2d7       10%         3
 Animate Dead             Necr           15%        N/A       32%         4
 Curse of Agony           Necr           15%        N/A       65%         5


Dungeon Overview and Level Annotations

Branches:
Dungeon (2/15)

Altars:
Yredelemnul

Annotations:
D:2 Terence


Innate Abilities, Weirdness & Mutations

A meltable shield of frost defends you. (SH +4)


Message History

Casting: Necrotise (safe; 3% risk of failure)
Confirm with . or Enter, or press ? or * to list all spells.
You don't have enough magic to cast this spell.
You hit Terence but do no damage.
Terence is severely wounded.
Terence closely misses you.
Your magical contamination has completely faded away.
Casting: Necrotise (safe; 3% risk of failure)
Confirm with . or Enter, or press ? or * to list all spells.
You don't have enough magic to cast this spell.
You hit Terence but do no damage.
Terence is severely wounded.
You block Terence's attack.
Casting: Necrotise (safe; 3% risk of failure)
Confirm with . or Enter, or press ? or * to list all spells.
You don't have enough magic to cast this spell.
You barely miss Terence.
Terence is severely wounded.
Terence hits you with a +0 hand axe.
* * * LOW HITPOINT WARNING * * *
Casting: Necrotise (safe; 3% risk of failure)
Confirm with . or Enter, or press ? or * to list all spells.
You don't have enough magic to cast this spell.
You hit Terence.
Terence is almost dead.
Terence closely misses you.
Casting: Necrotise (safe; 3% risk of failure)
Confirm with . or Enter, or press ? or * to list all spells.
You don't have enough magic to cast this spell.
You hit Terence but do no damage.
Terence is almost dead.
Terence closely misses you.
Casting: Necrotise (safe; 3% risk of failure)
Confirm with . or Enter, or press ? or * to list all spells.
Aiming: Necrotise (safe; 3% risk of failure)
Press: ? - help, Shift-Dir - straight line, f/p - Terence
Aim: Terence, wielding a +0 hand axe and wearing a +4 ring mail of cold resistance (almost dead, chance to affect: 79%) Terence writhes in agony.
Terence hits you with a +0 hand axe.
You die...
Terence says, "That felt goooood."

## ## .... .#.##
......### .....(..#
#...#.#.#
#..##@#.######
#..#.@........
#..#..#.######
#..#..#.# #.......#
#.##..### #.##....#
#### #.##....#
.....#######.#.....#


You could see Terence.

Vanquished Creatures
  3 endoplasms (D:1)
  2 giant cockroaches (D:1)
  2 goblins (D:1)
  4 hobgoblins
  4 ball pythons (D:1)
  3 frilled lizards (D:1)
  2 rats (D:1)
20 creatures vanquished.

Notes
Turn   | Place    | Note
-------+----------+-------------------------------------------
     0 | D:1      | PaiMei the Demonspawn Necromancer began the quest for the
                  | Orb.
     0 | D:1      | Reached XP level 1. HP: 13/13 MP: 3/3
   584 | D:1      | Gained mutation: A meltable shield of frost defends you.
                  | (SH +4) [demonic ancestry]
   584 | D:1      | Reached XP level 2. HP: 19/19 MP: 0/5
  1187 | D:2      | Found a basalt altar of Yredelemnul.
  1218 | D:2      | Noticed Terence
  1257 | D:2      | HP: 1/20 [Terence/+0 hand axe (3)]
  1260 | D:2      | Slain by Terence

Illustrated notes

Levels and vault maps discovered:
D:1:      lemuel_arrival_broad_hall, layout_rooms, minmay_surrounded
D:2:      layout_loops_ring, basic_altar, shapermc_ecumenical_altar_pompeii,
          uniq_terence

Skill      XL: |  1 |
---------------+----+-----
Stealth        | 2 |  2.0
Dodging        | 2 |  2.1
Fighting       | |  0.5
Spellcasting   | |  2.2
Necromancy     | |  4.6

Action                     || total
---------------------------++-------
  Melee: Unarmed           ||    11
         Dagger            ||    16
   Cast: Necrotise         ||    35
 Armour: Robe              ||    16
  Dodge: Dodged            ||    15
  Block: Other             ||     2
